AoeStats
← 他并不是一个笨比

African Clearing

504413306Analyzed
4v4 RM · 27d ago on Sep 5, 2026· 58m 1s· 8 players
Game mode
Random Map
Map size
Large (8 player)
Population
200
Speed
Normal
Resources
Standard
Victory
Conquest
Starting age
Dark Age
Ending age
Imperial Age
RankedLock teamsTeams togetherTeam positionsShared explorationLock speedFull tech treeHidden civsTurbo modeCheats
Victory
Defeat
🇮🇳 Lithuanians · India
1284
+17
🇻🇳 Huns · Vietnam
1272
+18
🇺🇸 Tupi · United States
1254
+19
1252
+19
🇮🇳 Japanese · India
1371
-20
🇮🇳 Spanish · India
1367
-21
🇮🇳 Khitans · India
1307
-18
🇮🇳 Ethiopians · India
1211
-14
HuynhSon
4:04 Loom
6:08 Loom
12:35 Feudal Age
14:24 Double-Bit Axe
16:34 Scale Barding Armor
22:47 Castle Age
21:52 Horse Collar
27:29 Bow Saw
27:47 Stone Mining
33:39 Chain Barding Armor
33:27 Husbandry
35:45 Bloodlines
40:37 Fletching
46:24 Imperial Age
47:01 Gold Mining
46:33 Cavalier
47:38 Light Cavalry
49:22 Plate Barding Armor
49:36 Hussar
50:42 Padded Archer Armor
52:39 Forging
53:37 Parthian Tactics
54:01 Gold Shaft Mining
53:25 Bodkin Arrow
54:09 Bracer
54:39 Heavy Plow
55:38 Wheelbarrow
55:55 Heavy Cavalry Archer
57:50 Leather Archer Armor
58:11 Iron Casting
他并不是一个笨比
13:17 Feudal Age
14:53 Double-Bit Axe
15:07 Loom
17:30 Castle Age
15:37 Horse Collar
17:33 Bloodlines
19:03 Bow Saw
26:19 Scale Barding Armor
27:13 Forging
27:47 Wheelbarrow
28:02 Scale Mail Armor
28:10 Husbandry
29:05 Heavy Plow
29:04 Gold Mining
29:46 Stone Mining
31:16 Hand Cart
34:13 Imperial Age
31:30 Town Watch
31:38 Light Cavalry
34:05 Fletching
34:16 Padded Archer Armor
36:03 Guard Tower
36:00 Arrowslits
37:32 Conscription
37:06 Hussar
37:53 Gambesons
38:08 Squires
39:13 Iron Casting
38:59 Chain Barding Armor
40:19 Aznauri Cavalry
41:23 Blast Furnace
41:24 Pikeman
43:05 Ballistics
45:16 Plate Barding Armor
44:45 Halberdier
51:07 Elite Monaspa
52:56 Capped Ram
56:00 Siege Ram
58:46 Crop Rotation
Polestar
4:08 Loom
14:24 Feudal Age
18:25 Castle Age
19:20 Fletching
20:32 Double-Bit Axe
20:41 Gold Mining
20:58 Bodkin Arrow
21:30 Padded Archer Armor
22:21 Ballistics
22:30 Bow Saw
28:07 Leather Archer Armor
28:01 Horse Collar
28:59 Wheelbarrow
30:24 Heavy Plow
34:38 Hand Cart
35:00 Gold Shaft Mining
34:17 Stone Mining
40:45 Imperial Age
42:30 Curare
42:30 Bracer
44:46 Elite Blackwood Archer
45:58 Ring Archer Armor
46:34 Chemistry
46:18 Capped Ram
47:26 Siege Ram
52:51 Conscription
56:19 Two-Man Saw
55:31 Careening
57:02 Forging
56:52 Scale Mail Armor
AztecKiller2427
5:36 Loom
13:27 Feudal Age
13:59 Double-Bit Axe
15:34 Scale Barding Armor
23:02 Castle Age
21:45 Forging
22:58 Bloodlines
23:22 Pikeman
24:26 Light Cavalry
26:54 Horse Collar
28:16 Wheelbarrow
28:08 Scale Mail Armor
33:16 Hand Cart
45:35 Squires
49:33 Bow Saw
49:24 Heavy Plow
53:56 Imperial Age
52:32 Chain Barding Armor
52:48 Iron Casting
52:03 Town Watch
53:09 Fletching
53:19 Gold Mining
54:08 Halberdier
57:59 Chain Mail Armor
57:40 Bodkin Arrow
57:45 Padded Archer Armor
57:33 Capped Ram
MetallicChef630
3:22 Loom
12:36 Feudal Age
14:58 Feudal Age
16:16 Double-Bit Axe
19:22 Castle Age
31:18 Horse Collar
35:19 Wheelbarrow
36:10 Padded Archer Armor
37:15 Leather Archer Armor
41:02 Bloodlines
42:13 Husbandry
44:50 Hand Cart
44:57 Bow Saw
44:47 Heavy Plow
48:33 Fletching
51:45 Imperial Age
52:06 Bodkin Arrow
55:05 Elite Conquistador
56:11 Ballistics
57:35 Scale Barding Armor
57:42 Forging
56:54 Cavalier
56:57 Light Cavalry
58:04 Conscription
mutanT
6:32 Loom
12:23 Feudal Age
14:30 Double-Bit Axe
18:48 Castle Age
16:41 Horse Collar
18:34 Fletching
19:12 Crossbowman
19:50 Bodkin Arrow
25:17 Padded Archer Armor
27:42 Thumb Ring
29:09 Gold Mining
30:58 Gold Shaft Mining
30:46 Ballistics
31:38 Wheelbarrow
41:45 Hand Cart
45:33 Imperial Age
45:34 Leather Archer Armor
45:58 Arbalester
47:45 Chemistry
48:45 Conscription
48:42 Siege Engineers
49:26 Stone Mining
54:23 Halberdier
56:44 Scale Mail Armor
56:55 Forging
58:34 Chain Mail Armor
TiShi
5:24 Loom
11:36 Feudal Age
21:41 Castle Age
23:29 Forging
24:10 Scale Mail Armor
27:33 Husbandry
35:56 Double-Bit Axe
38:17 Scale Barding Armor
44:17 Wheelbarrow
48:33 Imperial Age
46:14 Domestication
46:54 Bow Saw
50:00 Chain Barding Armor
50:15 Iron Casting
51:50 Plate Barding Armor
56:30 Hand Cart
57:23 Fletching
vetrierai
3:14 Loom
13:52 Feudal Age
18:03 Castle Age
16:14 Double-Bit Axe
16:14 Horse Collar
18:31 Scale Mail Armor
19:45 Chain Mail Armor
20:21 Forging
30:32 Squires
30:49 Arson
35:52 Wheelbarrow
37:50 Iron Casting
37:32 Gold Mining
38:43 Hand Cart
46:09 Imperial Age
46:08 Gold Shaft Mining
45:24 Stone Mining
45:50 Yasama
46:04 Bow Saw
46:13 Elite Samurai
47:13 Guard Tower
48:30 Plate Mail Armor
48:33 Masonry
48:33 Careening
49:56 Blast Furnace
48:46 Fletching
49:24 Ballistics
49:13 Murder Holes
50:19 Conscription
50:13 Treadmill Crane
52:53 Chemistry
52:41 Bodkin Arrow
56:33 Bracer
Connection lost

Rejoining the realm…

Still unreachable

The connection could not be restored.

Session expired

The server has moved on; the page needs a fresh start.